 Dungeon Crawl Stone Soup version 0.20.1-1-g8b1a95d (webtiles) character file.

213553 DocClef the Slayer (level 19, -2/144 HPs)
             Began as a Gargoyle Fighter on Sept 1, 2017.
             Was a High Priest of Okawaru.
             Slain by a deep troll shaman (17 damage)
             ... on level 4 of the Depths on Sept 2, 2017.
             The game lasted 01:33:09 (31396 turns).

DocClef the Slayer (Gargoyle Fighter)              Turns: 31396, Time: 01:33:09

Health: -2/144     AC: 47    Str: 34    XL:     19   Next: 36%
Magic:  28/28      EV:  9    Int: 17    God:    Okawaru [*****.]
Gold:   1791       SH:  2    Dex: 21    Spells: 18/18 levels left

rFire    . . .     SeeInvis .   T - +1 great mace of Infection {freeze, Str+6}
rCold    + + .     Gourm    .   (shield currently unavailable)
rNeg     + . .     Faith    .   E - +10 shadow dragon scales of the Lost Cities {rElec Str+7 Stlth++++}
rPois    ∞         Spirit   .   w - +0 helmet
rElec    +         Reflect  +   G - +1 cloak of Existentialism {rElec rPois Dex+7}
rCorr    .         Harm     .   J - +2 pair of gloves
MR       ++...     Clarity  +   I - +2 pair of boots {Stlth+}
Stlth    ++++......             A - +2 amulet of reflection
Regen    0.4/turn               s - ring of Siecrink {rC+ MR+ Int+4}
MPRegen  0.3/turn               M - ring of the Many Deaths {Int+2 Slay+3}

@: finesse
A: big wings, hooves 1, rugged brown scales 1, yellow scales 1, blurry vision 1,
clarity, cold resistance 1, negative energy resistance 1, electricity
resistance, unbreathing, petrification resistance, rot immunity, AC +13
a: Fly, Heroism, Finesse, Renounce Religion


You were on level 4 of the Depths.
You worshipped Okawaru.
Okawaru was extremely pleased with you.
You were very hungry.

You visited 5 branches of the dungeon, and saw 28 of its levels.
You visited 1 bazaar.
You also visited: Ice Cave and Wizlab.

You collected 3269 gold pieces.
You spent 1478 gold pieces at shops.

Inventory:

Hand Weapons
 c - the +8 whip "Snakebite" {curare, rPois}
   (You found it on level 1 of the Depths)

   It poisons the flesh of those it strikes.
   It protects you from poison.
 D - a +2 eveningstar of distortion
 T - the +1 great mace of Infection (weapon) {freeze, Str+6}
   (Okawaru gifted it to you on level 6 of the Lair of Beasts)

   It has been specially enchanted to freeze those struck by it, causing extra
   injury to most foes and up to half again as much damage against particularly
   susceptible opponents.
   It can also slow down cold-blooded creatures.
   It affects your strength (+6).
 W - a +1 vampiric demon whip
Armour
 h - the +2 pair of boots "Puebicwi" {rF+}
   (You found it on level 9 of the Dungeon)

   It protects you from fire.
 w - a +0 helmet (worn)
 E - the +10 shadow dragon scales of the Lost Cities (worn) {rElec Str+7 Stlth++++}
   (Okawaru gifted it to you on level 9 of the Dungeon)

   It affects your strength (+7).
   It insulates you from electricity.
   It makes you much more stealthy.
 G - the +1 cloak of Existentialism (worn) {rElec rPois Dex+7}
   (You bought it in a shop in a bazaar)

   It affects your dexterity (+7).
   It insulates you from electricity.
   It protects you from poison.
 I - a +2 pair of boots of stealth (worn)
 J - a +2 pair of gloves (worn)
Jewellery
 r - an uncursed ring of protection from magic
 s - the ring of Siecrink (left hand) {rC+ MR+ Int+4}
   (You found it in a wizard's laboratory)

   [ring of protection from magic]

   It affects your intelligence (+4).
   It protects you from cold.
   It affects your resistance to hostile enchantments.
 t - an uncursed ring of protection from fire
 A - a +2 amulet of reflection (around neck)
 H - a +5 ring of evasion
 M - the ring of the Many Deaths (right hand) {Int+2 Slay+3}
   (You found it on level 4 of the Lair of Beasts)

   [ring of slaying]

   It affects your intelligence (+2).
   It affects your accuracy and damage with ranged weapons and melee attacks
   (+3).
 X - an uncursed ring of protection from magic
Wands
 N - a wand of digging (17/24)
 S - a wand of digging (9/24)
Scrolls
 e - 25 scrolls of remove curse
 l - 11 scrolls of recharging
 u - 7 scrolls of magic mapping
 v - 8 scrolls of teleportation
 y - 7 scrolls of identify
 F - a scroll of holy word
 P - 5 scrolls of amnesia
 Q - 2 scrolls of fog
 R - 2 scrolls of fear
 V - 2 scrolls of blinking
 Z - a scroll of enchant weapon
Potions
 a - a potion of cancellation
 b - 3 potions of agility
 d - 6 potions of might
 g - 2 potions of lignification
 i - 4 potions of invisibility
 j - a potion of berserk rage
 x - 2 potions of brilliance
 z - a potion of resistance
 B - 2 potions of haste
 C - 4 potions of ambrosia
 L - 3 potions of curing
Books
 m - the Catalogue of Orientation
   (You found it in a wizard's laboratory)

   Spells                             Type                      Level
   a - Apportation                    Translocation                1
   b - Shroud of Golubria             Charms/Translocation         2
   c - Portal Projectile              Hexes/Translocation          3
   d - Passage of Golubria            Translocation                4
   e - Dispersal                      Translocation                6
 q - Golubria's Incunabulum of the Compass
   (You found it in a wizard's laboratory)

   Spells                             Type                      Level
   a - Shroud of Golubria             Charms/Translocation         2
   b - Blink                          Translocation                2
   c - Portal Projectile              Hexes/Translocation          3
   d - Recall                         Summoning/Translocation      3
   e - Passage of Golubria            Translocation                4
   f - Malign Gateway                 Summoning/Translocation      7
   g - Disjunction                    Translocation                8
 U - a book of Burglary

   Spells                             Type                      Level
   a - Swiftness                      Charms/Air                   2
   b - Passwall                       Transmutation/Earth          2
   c - Passage of Golubria            Translocation                4
   d - Lee's Rapid Deconstruction     Earth                        5
   e - Darkness                       Hexes                        6
   f - Invisibility                   Hexes                        6
Miscellaneous
 k - a phantom mirror
Comestibles
 f - 17 bread rations
 n - 14 fruits
 o - 9 meat rations
 p - 10 royal jellies


   Skills:
 * Level 22.5 Fighting
 - Level 21.3 Maces & Flails
 - Level 3.2 Armour
   Level 7.0 Shields
 - Level 12.0 Invocations
 - Level 2.2 Evocations


You had 18 spell levels left.
You didn't know any spells.

Dungeon Overview and Level Annotations

Branches:
Dungeon (15/15) Temple (1/1) D:4 Lair (6/6) D:10 Swamp (0/4) Lair:3 Snake (0/4) Lair:3 Slime (0/5) Lair:5 Orc (2/2) D:12 Elf (0/3) Orc:2 Vaults (0/5) D:13 D:14 Depths (4/5) D:15

Altars:
Ashenzari
Cheibriados
Dithmenos
Elyvilon
Fedhas
Gozag
Hepliaklqana
Kikubaaqudgha
Makhleb
Nemelex Xobeh
Okawaru
Qazlal
Ru
Sif Muna
Trog
Uskayaw
Vehumet
Xom
Yredelemnul
Zin
The Shining One
Beogh

Shops:
D:8 }   D:15 *[=   Orc:2 [=:!

Portals:
Hell: Depths:1 Depths:2 Depths:3 Depths:4
Pandemonium: Depths:1 Depths:3

Annotations:
D:9 Maurice
Lair:2 exclusion: 4 oklob plants


Innate Abilities, Weirdness & Mutations

You are resistant to torment.
Your stone body is resilient. (AC +13)
You are immune to poison.
Your large and strong wings let you fly indefinitely.
You resist negative energy. (rN+)
You are resistant to electric shocks. (rElec)
You can survive without breathing.
You are immune to petrification.
You are immune to rotting.
You have large cloven feet.
You are partially covered in rugged brown scales. (AC +1, +3% HP)
You are partially covered in yellow scales. (AC +2)
Scrolls take you a little longer to read.
You possess an exceptional clarity of mind.
Your flesh is cold resistant. (rC+)


Message History

Found 14 gold pieces.
The deep troll is no longer moving quickly.
Things that are here:
an uncursed arbalest; 15 bolts You open the door.
A stone giant comes into view.
The stone giant moves out of view.
There is an open door here.
The deep troll no longer looks unusually strong.
The deep troll shaman calls upon its god to speed up something.
The deep troll is no longer moving quickly.
Your extra speed is starting to run out.
There is an open door here.
You close the door.
A deep troll shaman opens the door.
You feel yourself slow down.
There is an open door here.
The deep troll shaman closely misses you.
The deep troll shaman claws you!
You die...

****################
,,,,#......#.......## *####
,,,,+...∩..##.....#.## #### *[..[
,,,,#.......#^..((#..# #..###÷...
,,###.......##..)(<..###....).[.∩
,*#..........TTT@#.[....##.##..÷÷
*#......#T####..###..#..####*...[
##.....#.>#....# #.##### *####
#.....#T.##.### #.# #+###+#...###
### #.###.T####.# ###..##..#....#
#........#....# #......T##...,*


You could see 2 deep trolls and 2 deep troll shamans.

Vanquished Creatures
  Rupert (D:13)
  An eldritch tentacle (WizLab)
  2 sphinxes (D:12)
  A tentacled starspawn (WizLab)
  Kirke (Lair:5)
  Agnes (D:15)
  2 nagarajas (Depths:3)
  A tengu reaver (Depths:4)
  5 frost giants
  2 fire giants
  An iron dragon (Depths:4)
  An orc warlord (Depths:3)
  Aizul (Depths:3)
  A deep elf sorcerer (Depths:4)
  2 balrugs
  The ghost of faustus the Impaler, a journeyman MiGl of Okawaru (Lair:6)
  A reaper (Depths:1)
  5 stone giants
  2 vampire knights (Depths:2)
  4 very ugly things (Depths:3)
  5 dire elephants (Lair:6)
  A white draconian (Depths:3)
  3 ettins
  A blizzard demon (Depths:3)
  An eidolon (WizLab)
  3 fire dragons
  Snorg (D:13)
  2 green deaths
  2 great orbs of eyes
  The ghost of 0gre the Fighter, a journeyman MiBe of Trog (Lair:2)
  5 ogre magi
  Harold (D:11)
  5 yaktaur captains
  A spriggan air mage (Depths:3)
  7 ice dragons
  8 hydras
  2 anacondas
  3 naga warriors (Depths:3)
  A rakshasa (Depths:1)
  Erica (D:11)
  A death knight (D:15)
  3 tengu warriors
  The ghost of Golfball the Fighter, a journeyman GrFi of Makhleb (D:10)
  26 two-headed ogres
  8 centaur warriors
  7 death yaks
  5 deep troll earth magi
  A satyr (shapeshifter) (Depths:2)
  3 thrashing horrors (WizLab)
  11 deep troll shamans
  A shock serpent (shapeshifter) (Depths:2)
  Urug (Lair:5)
  5 orc high priests
  A deep elf knight (D:10)
  4 sun demons
  4 iron trolls
  A shadow wraith (Depths:1)
  A soul eater (Depths:1)
  A hell knight (D:12)
  16 deep trolls
  A deep troll (shapeshifter) (D:12)
  3 unseen horrors
  The ghost of Heh the Arsonist, a novice OpFE of Vehumet (D:8)
  5 wizards
  3 swamp dragons (Depths:3)
  2 glowing orange brains
  A flayed ghost (Depths:4)
  3 lindwurms (Depths:3)
  2 wolf spider zombies
  An obsidian statue (WizLab)
  3 orb spiders (Depths:3)
  4 phantasmal warriors
  A necromancer (D:15)
  4 deep elf magi
  13 orc knights
  A mana viper (WizLab)
  3 cyclopes
  7 orc sorcerers
  A wolf spider (Depths:1)
  A manticore (shapeshifter) (D:12)
  8 ugly things
  A moth of wrath (shapeshifter) (Depths:1)
  12 elephants
  A manticore (D:12)
  A salamander (Depths:3)
  6 centaur zombies
  Joseph (D:9)
  2 black mambas
  A guardian serpent (Depths:3)
  2 orange demons
  2 ice statues (IceCv)
  A naga mage (Depths:3)
  10 spiny frogs
  A smoke demon (WizLab)
  3 gargoyles
  A hellion (Depths:1)
  A rime drake (Lair:2)
  A freezing wraith (D:15)
  6 komodo dragons
  17 yaktaurs
  A hellwing (Depths:1)
  A redback zombie (D:14)
  A demonic crawler (Depths:1)
  2 ice devils (Depths:3)
  A tengu conjurer (Depths:1)
  3 trolls
  3 meliai (D:14)
  A red devil (Depths:1)
  A wind drake (WizLab)
  18 blink frogs
  A wind drake (shapeshifter) (D:12)
  5 hornets
  A hornet (shapeshifter) (D:14)
  The ghost of Jonoleth the Stinger, an amateur FoVM (D:5)
  8 polar bears
  6 slime creatures
  A raiju (WizLab)
  A meliai zombie (D:15)
  13 hippogriffs
  3 large abominations
  A spriggan (D:7)
  A shadow (D:15)
  3 air elementals (Depths:3)
  4 wyverns
  43 yaks
  4 fire bats (Depths:3)
  3 hogs
  2 water elementals
  2 wraiths (D:15)
  16 humans
  3 tarantellas (Depths:3)
  A vampire (D:12)
  3 basilisks
  7 vampire mosquitoes
  2 chaos spawn (Depths:1)
  A hungry ghost (D:12)
  6 swamp worms (Lair:4)
  2 spatial vortices (WizLab)
  5 insubstantial wisps
  5 wargs
  6 nagas (Lair:3)
  15 water moccasins
  A hell hound (WizLab)
  8 porcupines
  A floating eye (Depths:3)
  2 black bears
  A necrophage (D:9)
  5 sky beasts
  4 phantoms
  30 orc warriors
  7 ice beasts
  16 centaurs
  19 ogres
  4 wolves
  11 crocodiles
  2 big kobolds
  A yaktaur skeleton (WizLab)
  18 bullfrogs
  A small abomination (Depths:1)
  4 earth elementals (D:10)
  2 scorpions
  8 killer bees
  25 wights
  An electric eel (Lair:2)
  4 howler monkeys
  7 crimson imps
  4 bullfrog zombies
  2 jellies
  2 quasits
  4 hounds
  22 orc priests
  31 orc wizards
  6 centaur skeletons
  Jessica (D:2)
  5 bullfrog skeletons
  3 iguanas
  Terence (D:2)
  10 worker ants
  2 hell rats (Lair:1)
  A worker ant zombie (D:5)
  15 adders
  7 gnolls
  10 river rats (Lair:1)
  4 shadow imps
  An ooze (D:5)
  An adder skeleton (D:4)
  An adder zombie (D:5)
  14 worms
  2 dart slugs
  5 leopard geckos
  73 orcs
  A ball python (D:3)
  6 giant cockroaches
  11 hobgoblins
  3 jackals (D:2)
  9 kobolds
  5 quokkas
  A ball python zombie (D:6)
  2 bats
  6 frilled lizards
  10 goblins
  A quokka skeleton (D:6)
  A quokka zombie (D:7)
  3 rats
  2 plants (Lair:6)
1006 creatures vanquished.

Vanquished Creatures (others)
  A scorpion (Depths:1)
  A hell rat (Depths:1)
  A kobold (D:12)
  8 fungi
  A lurking horror (WizLab)
  11 plants
23 creatures vanquished.

Grand Total: 1029 creatures vanquished

Notes
Turn   | Place    | Note
-------+----------+-------------------------------------------
     0 | D:1      | DocClef the Gargoyle Fighter began the quest for the Orb.
     0 | D:1      | Reached XP level 1. HP: 14/14 MP: 1/1
   115 | D:1      | Reached XP level 2. HP: 18/20 MP: 2/2
   164 | D:1      | Reached skill level 4 in Fighting
   988 | D:2      | Noticed Terence
  1001 | D:2      | Killed Terence
  1001 | D:2      | Reached skill level 5 in Fighting
  1001 | D:2      | Reached XP level 3. HP: 25/26 MP: 3/3
  1026 | D:2      | Reached XP level 4. HP: 26/31 MP: 4/4
  1054 | D:2      | Noticed Jessica
  1062 | D:2      | Killed Jessica
  1381 | D:2      | Reached skill level 6 in Fighting
  1452 | D:2      | Reached XP level 5. HP: 36/36 MP: 5/5
  2559 | D:4      | Found a shimmering altar of Xom.
  2655 | D:4      | Found a staircase to the Ecumenical Temple.
  2667 | Temple   | Entered the Ecumenical Temple
  2729 | Temple   | Became a worshipper of Warmaster Okawaru
  3054 | D:5      | Entered Level 5 of the Dungeon
  3054 | D:5      | Found a stormy altar of Qazlal.
  3058 | D:5      | Noticed a sky beast
  3070 | D:4      | Reached XP level 6. HP: 41/41 MP: 6/6
  3111 | D:4      | Killed a sky beast
  3111 | D:4      | Reached skill level 5 in Maces & Flails
  3281 | D:5      | Reached * piety under Okawaru
  3363 | D:5      | Reached XP level 7. HP: 29/46 MP: 7/7
  3684 | D:5      | Found a blossoming altar of Fedhas.
  3910 | D:5      | Noticed Jonoleth's ghost (amateur FoVM)
  3988 | D:5      | Killed Jonoleth's ghost
  3988 | D:5      | Reached ** piety under Okawaru
  3988 | D:5      | Reached XP level 8. HP: 51/51 MP: 8/8
  5022 | D:5      | Found a bloodstained altar of Trog.
  5316 | D:7      | Reached skill level 1 in Invocations
  5316 | D:7      | Reached skill level 1 in Evocations
  5365 | D:7      | Noticed a hippogriff
  5373 | D:7      | Killed a hippogriff
  5373 | D:7      | Reached *** piety under Okawaru
  5426 | D:7      | Found a white marble altar of Elyvilon.
  5502 | D:7      | Noticed a spriggan baker
  5511 | D:7      | Killed a spriggan baker
  5643 | D:7      | Found a snail-covered altar of Cheibriados.
  5715 | D:7      | Reached XP level 9. HP: 55/55 MP: 11/11
  5895 | D:8      | Noticed a two-headed ogre
  5899 | D:8      | Noticed Heh's ghost (novice OpFE)
  5913 | D:7      | Killed a two-headed ogre
  5913 | D:7      | Reached **** piety under Okawaru
  6446 | D:8      | Noticed a two-headed ogre
  6743 | D:8      | Killed Heh's ghost
  6743 | D:8      | Reached ***** piety under Okawaru
  6743 | D:8      | Reached XP level 10. HP: 60/60 MP: 12/12
  6751 | D:8      | Found an opulent altar of Gozag.
  6766 | D:8      | Found a shattered altar of Ashenzari.
  6813 | D:8      | Killed a two-headed ogre
  6891 | D:8      | Found a shattered altar of Ashenzari.
  6891 | D:8      | Found Ifruyba's Gadget Shoppe.
  7053 | D:8      | Reached skill level 5 in Shields
  7288 | D:9      | Noticed a two-headed ogre
  7313 | D:9      | Killed a two-headed ogre
  7656 | D:9      | Noticed a two-headed ogre
  7673 | D:9      | Killed a two-headed ogre
  7673 | D:9      | Received a gift from Okawaru
  7674 | D:9      | Got crude shadow dragon scales {god gift}
  7685 | D:9      | Identified the +10 shadow dragon scales of the Lost Cities {rElec Str+7 Stlth++++} (Okawaru gifted it to you on level 9 of the Dungeon)
  7692 | D:9      | Found a hide-covered altar of Uskayaw.
  7699 | D:9      | Found a glowing silver altar of Zin.
  7702 | D:9      | Found a sacrificial altar of Ru.
  7719 | D:9      | Found a glowing golden altar of the Shining One.
  7779 | D:9      | Found an ancient bone altar of Kikubaaqudgha.
  7799 | D:9      | Reached XP level 11. HP: 58/64 MP: 13/13
  7881 | D:9      | Got a pair of transparent boots
  7887 | D:9      | Identified the +2 pair of boots "Puebicwi" {rF+} (You found it on level 9 of the Dungeon)
  7913 | D:9      | Noticed Joseph
  7938 | D:9      | Killed Joseph
  8021 | D:9      | Noticed Maurice
  8035 | D:9      | HP: 2/64 [acid (17)]
  8778 | D:10     | Entered Level 10 of the Dungeon
  8808 | D:10     | Reached skill level 7 in Fighting
  9068 | D:10     | Found a staircase to the Lair.
  9069 | D:10     | Gained mutation: You are partially covered in rugged brown scales. (AC +1, +3% HP) [potion of mutation]
  9069 | D:10     | Gained mutation: You can translocate small distances at will. [potion of mutation]
  9069 | D:10     | Gained mutation: You are partially covered in yellow scales. (AC +2) [potion of mutation]
  9069 | D:10     | Gained mutation: You have sharp toenails. [potion of mutation]
  9070 | D:10     | Lost mutation: You can translocate small distances at will. [potion of mutation]
  9070 | D:10     | Lost mutation: You have sharp toenails. [potion of mutation]
  9070 | D:10     | Gained mutation: Your flesh is cold resistant. (rC+) [potion of mutation]
  9070 | D:10     | Gained mutation: You have large cloven feet. [potion of mutation]
  9070 | D:10     | Gained mutation: Scrolls take you a little longer to read. [potion of mutation]
  9070 | D:10     | Gained mutation: You possess an exceptional clarity of mind. [potion of mutation]
  9142 | D:10     | Reached skill level 8 in Fighting
  9679 | D:10     | Noticed Golfball's ghost (journeyman GrFi)
  9704 | D:10     | Killed Golfball's ghost
  9704 | D:10     | Reached skill level 9 in Fighting
  9730 | D:10     | Noticed a two-headed ogre
  9736 | D:10     | Killed a two-headed ogre
  9736 | D:10     | Reached skill level 10 in Fighting
  9800 | D:10     | You fall through a shaft!
  9854 | D:11     | Noticed a two-headed ogre
  9863 | D:11     | Killed a two-headed ogre
  9863 | D:11     | Reached skill level 5 in Invocations
  9863 | D:11     | Reached XP level 12. HP: 77/79 MP: 12/15
 10079 | D:11     | Noticed Harold
 10080 | D:11     | Reached ****** piety under Okawaru
 10082 | D:11     | Noticed Erica
 10097 | D:11     | Noticed a deep elf knight
 10110 | D:11     | Killed Harold
 10116 | D:11     | Killed Erica
 10153 | D:10     | Killed a deep elf knight
 10153 | D:10     | Received a gift from Okawaru
 10169 | D:10     | Got a pair of warped boots {god gift}
 10180 | D:10     | Identified the +2 pair of boots of the True Pharaoh {Str+3} (Okawaru gifted it to you on level 10 of the Dungeon)
 10318 | D:9      | Noticed a centaur warrior
 10322 | D:9      | Noticed a four-headed hydra
 10331 | D:9      | Killed a centaur warrior
 10335 | D:9      | Killed a four-headed hydra
 10336 | D:9      | Noticed a five-headed hydra
 10352 | D:9      | Killed a five-headed hydra
 10352 | D:9      | Reached skill level 10 in Invocations
 10863 | Lair:1   | Entered Level 1 of the Lair of Beasts
 11024 | Lair:1   | Noticed a four-headed hydra
 11031 | Lair:1   | Killed a four-headed hydra
 11334 | Lair:1   | Reached XP level 13. HP: 84/84 MP: 22/22
 11363 | Lair:1   | Got a transparent dagger
 11368 | Lair:1   | Identified the +1 dagger of Youthful Indiscretion {freeze, +Blink rC+ Str+2 Int-3} (You found it on level 1 of the Lair of Beasts)
 11597 | Lair:1   | Received a gift from Okawaru
 11598 | Lair:1   | Got a brightly glowing robe {god gift}
 12034 | Lair:2   | Noticed 0gre's ghost (journeyman MiBe)
 12104 | Lair:2   | Killed 0gre's ghost
 12104 | Lair:2   | Reached skill level 11 in Fighting
 12784 | Lair:3   | Found a staircase to the Swamp.
 12934 | Lair:3   | Reached skill level 12 in Fighting
 12985 | Lair:3   | Found a staircase to the Snake Pit.
 13662 | Lair:4   | Reached skill level 13 in Fighting
 13677 | Lair:4   | Found a frozen archway.
 13679 | Lair:4   | Noticed an ice dragon
 13711 | Lair:4   | Killed an ice dragon
 13760 | IceCv    | Entered an ice cave
 13789 | IceCv    | Found a transporter.
 14053 | IceCv    | Identified the Incunabulum of Sinister Magic
 14170 | Lair:4   | Reached skill level 14 in Fighting
 14181 | Lair:4   | Received a gift from Okawaru
 14182 | Lair:4   | Got a jewelled bardiche {god gift}
 14183 | Lair:4   | Identified the +3 bardiche of Optimality {speed, *Drain +Rage rElec rN+} (Okawaru gifted it to you on level 4 of the Lair of Beasts)
 14473 | Lair:4   | Gained mutation: Your large and strong wings let you fly indefinitely. [Gargoyle growth]
 14473 | Lair:4   | Reached XP level 14. HP: 98/98 MP: 23/23
 14814 | Lair:4   | Reached skill level 15 in Fighting
 14840 | Lair:4   | Got a slimy iron ring
 15158 | Lair:5   | Noticed Urug
 15170 | Lair:5   | Killed Urug
 15170 | Lair:5   | Received a gift from Okawaru
 15202 | Lair:5   | Identified the ring of the Many Deaths {Int+2 Slay+3} (You found it on level 4 of the Lair of Beasts)
 15288 | Lair:5   | Noticed Kirke
 15619 | Lair:5   | Killed Kirke
 15694 | Lair:5   | Received a gift from Okawaru
 15802 | Lair:5   | Reached skill level 16 in Fighting
 16045 | Lair:5   | Found a staircase to the Slime Pits.
 16345 | Lair:6   | Entered Level 6 of the Lair of Beasts
 16506 | Lair:6   | Noticed faustus's ghost (journeyman MiGl)
 16524 | Lair:6   | Killed faustus's ghost
 16524 | Lair:6   | Reached skill level 17 in Fighting
 17378 | Lair:6   | Noticed a dire elephant
 17378 | Lair:6   | Noticed a dire elephant
 17390 | Lair:6   | Killed a dire elephant
 17396 | Lair:6   | Killed a dire elephant
 17396 | Lair:6   | Received a gift from Okawaru
 17397 | Lair:6   | Got a shimmering great mace {god gift}
 17445 | Lair:6   | Noticed a dire elephant
 17455 | Lair:6   | Killed a dire elephant
 17481 | Lair:6   | Noticed a dire elephant
 17495 | Lair:6   | Killed a dire elephant
 17718 | Lair:6   | Reached skill level 18 in Fighting
 17721 | Lair:6   | Reached XP level 15. HP: 111/111 MP: 17/24
 17794 | Lair:6   | Identified the +1 great mace of Infection {freeze, Str+6} (Okawaru gifted it to you on level 6 of the Lair of Beasts)
 18034 | D:12     | Found a staircase to the Orcish Mines.
 18205 | D:12     | Noticed a frost giant
 18214 | D:12     | Killed a frost giant
 18230 | D:12     | Reached skill level 19 in Fighting
 18242 | D:12     | Got a glittering brass ring
 18246 | D:12     | Identified the ring "Aqeu" {*Corrode +Inv rF+ rN+ Slay+2} (You found it on level 12 of the Dungeon)
 18653 | D:12     | Noticed a sphinx
 18656 | D:12     | Noticed a sphinx
 18656 | D:12     | Killed a sphinx
 18660 | D:12     | Killed a sphinx
 18660 | D:12     | Received a gift from Okawaru
 19382 | Orc:1    | Entered Level 1 of the Orcish Mines
 19550 | Orc:2    | Entered Level 2 of the Orcish Mines
 19646 | Orc:2    | Found a roughly hewn altar of Beogh.
 19702 | Orc:2    | Found a staircase to the Elven Halls.
 20093 | Orc:2    | Found Daukkacs's Distillery.
 20138 | Orc:2    | Reached skill level 20 in Fighting
 20222 | Orc:2    | Found Oxkohes's Jewellery Emporium.
 20225 | Orc:2    | Found Rane Xuf's Armour Boutique.
 20336 | Orc:2    | Found Qeh Soagroi's Book Emporium.
 20708 | Orc:1    | HP: 5/116 [stone giant (7)]
 20714 | Orc:1    | Received a gift from Okawaru
 21468 | D:13     | Reached XP level 16. HP: 117/123 MP: 25/25
 21513 | D:13     | Noticed Rupert
 21519 | D:13     | Paralysed by Rupert for 4 turns
 21525 | D:13     | Killed Rupert
 21798 | D:13     | Noticed Snorg
 21809 | D:13     | Killed Snorg
 21809 | D:13     | Received a gift from Okawaru
 22048 | D:13     | Reached skill level 15 in Maces & Flails
 22142 | D:14     | Found a gate to the Vaults.
 22362 | D:14     | Found a sacrificial altar of Ru.
 23315 | D:15     | Entered Level 15 of the Dungeon
 23427 | D:15     | Found Zinitusi's Jewellery Shoppe.
 23726 | D:15     | Found a white marble altar of Elyvilon.
 23746 | D:15     | Noticed Agnes
 23762 | D:15     | Killed Agnes
 23820 | D:15     | Found Xuff's Antique Armour Boutique.
 23835 | D:15     | Found a burning altar of Makhleb.
 23835 | D:15     | Found Ogush's Blasphemy Boutique.
 24038 | D:15     | Received a gift from Okawaru
 24039 | D:15     | Got a crystal morningstar {god gift}
 24040 | D:15     | Identified the +7 morningstar of Quantum Leap {flame, rF- MR+ Str+2} (Okawaru gifted it to you on level 15 of the Dungeon)
 24063 | D:15     | Found a staircase to the Depths.
 24331 | Depths:1 | Entered Level 1 of the Depths
 24690 | Depths:1 | Reached XP level 17. HP: 122/127 MP: 26/26
 24720 | Depths:1 | Found a runed gate.
 24721 | Depths:1 | Found a runed gate.
 24721 | Depths:1 | Found a runed gate.
 24925 | Depths:1 | Found a one-way gate leading to the halls of Pandemonium.
 25000 | Depths:1 | Found a gateway to Hell.
 25017 | Depths:1 | Received a gift from Okawaru
 25712 | Depths:1 | Received a gift from Okawaru
 25720 | Depths:1 | Paralysed by a floating eye for 3 turns
 26165 | Depths:2 | Found a magical portal.
 26174 | WizLab   | Entered The Roulette of Golubria
 26174 | WizLab   | Found a transporter.
 26179 | WizLab   | Found a corrupted altar of Lugonu.
 26204 | WizLab   | Found a transporter.
 26260 | WizLab   | Found a transporter.
 26291 | WizLab   | Found a transporter.
 26323 | WizLab   | Found a transporter.
 26328 | WizLab   | Identified the Catalogue of Orientation
 26385 | WizLab   | Found a transporter.
 26427 | WizLab   | Found a transporter.
 26476 | WizLab   | Found a transporter.
 26507 | WizLab   | Found a transporter.
 26509 | WizLab   | Found a corrupted altar of Lugonu.
 26565 | WizLab   | Found a transporter.
 26690 | WizLab   | Found a transporter.
 26690 | WizLab   | Found a transporter.
 26736 | WizLab   | Paralysed by a wizard for 4 turns
 26836 | WizLab   | Identified Golubria's Incunabulum of the Compass
 26843 | WizLab   | Found a transporter.
 26843 | WizLab   | Found a transporter.
 26942 | WizLab   | Noticed a tentacled starspawn
 26942 | WizLab   | Found a transporter.
 26942 | WizLab   | Found a transporter.
 26947 | WizLab   | Killed a tentacled starspawn
 26983 | WizLab   | Found a transporter.
 26997 | WizLab   | Found a transporter.
 27026 | WizLab   | Got a coiled brass ring
 27032 | WizLab   | Got a faintly humming cloak
 27046 | WizLab   | Got a polished cloak
 27117 | Depths:2 | Identified the cursed +0 cloak of Waib {Dex+5} (You found it in a wizard's laboratory)
 27129 | Depths:2 | Identified the +1 cloak of the Ancient Orbs {rPois Str+3 Stlth-} (You found it in a wizard's laboratory)
 27811 | Depths:3 | Noticed Aizul
 27836 | Depths:3 | Killed Aizul
 27836 | Depths:3 | Reached XP level 18. HP: 100/134 MP: 27/27
 28272 | Depths:3 | Identified the ring of Siecrink {rC+ MR+ Int+4} (You found it in a wizard's laboratory)
 28346 | Depths:3 | Received a gift from Okawaru
 28751 | Depths:3 | Found a large runed door.
 28751 | Depths:3 | Found a large runed door.
 30192 | Depths:3 | Reached skill level 21 in Fighting
 30197 | Depths:3 | Received a gift from Okawaru
 30823 | Depths:3 | Reached XP level 19. HP: 124/142 MP: 28/28
 31029 | Depths:4 | Found a flickering gateway to a bazaar.
 31039 | Bazaar   | Entered a bazaar
 31039 | Bazaar   | Found Howk's Gadget Emporium.
 31046 | Bazaar   | Found Wytacleh's Antique Armour Boutique.
 31065 | Bazaar   | Found Leumem's General Store.
 31076 | Bazaar   | Found Xexyev's Magic Scroll Shop.
 31084 | Bazaar   | Bought a scroll of acquirement for 780 gold pieces
 31084 | Bazaar   | Bought a scroll of enchant weapon for 112 gold pieces
 31084 | Bazaar   | Bought a scroll of holy word for 112 gold pieces
 31090 | Bazaar   | Found Berhuuc's Antique Weapon Shop.
 31122 | Bazaar   | Bought a twisted cloak for 237 gold pieces
 31122 | Bazaar   | Bought a bloodstained chain mail for 237 gold pieces
 31124 | Bazaar   | Identified the +1 cloak of Existentialism {rElec rPois Dex+7} (You bought it in a shop in a bazaar)
 31126 | Bazaar   | Identified the +1 chain mail "Qaguc" {*Corrode rElec rF++ MP+9} (You bought it in a shop in a bazaar)
 31252 | Depths:4 | Reached skill level 22 in Fighting
 31352 | Depths:4 | HP: 4/144 [deep troll shaman (4)]
 31396 | Depths:4 | Slain by a deep troll shaman

Skill      XL: |  1  2  3  4  5  6  7  8  9 10 11 12 13 14 15 16 17 18 19 |
---------------+----------------------------------------------------------+-----
Fighting       | 5 6 10 14 18 20 21 22 | 22.5
Maces & Flails | 3 5 7 9 12 13 14 17 20 21 | 21.3
Invocations    | 2 5 12 | 12.0
Evocations     | 2 |  2.2
Shields        | 7 |  7.0
Armour         | |  3.2

Action                   |  1- 3 |  4- 6 |  7- 9 | 10-12 | 13-15 | 16-18 | 19-21 || total
-------------------------+-------+-------+-------+-------+-------+-------+-------++-------
Melee: Flail             |    60 |    15 |       |       |       |       |       ||    75
       Club              |       |   143 |   374 |   303 |       |       |       ||   820
       Dire flail        |       |       |       |   501 |   612 |       |       ||  1113
       Punch             |       |       |       |     1 |       |     1 |       ||     2
       Great mace        |       |       |       |       |   624 |  1013 |   103 ||  1740
       Unarmed           |       |       |       |       |    15 |       |       ||    15
       Morningstar       |       |       |       |       |       |    74 |       ||    74
Throw: Tomahawk          |       |     4 |       |       |       |       |       ||     4
Invok: Heroism           |       |       |       |    14 |    20 |    16 |     3 ||    53
       Finesse           |       |       |       |     2 |    18 |    17 |     3 ||    40
 Abil: Fly               |       |       |       |       |     2 |     2 |       ||     4
       Stop Flying       |       |       |       |       |     2 |     2 |       ||     4
Evoke: Wand              |       |       |       |     2 |     9 |     1 |       ||    12
  Use: Scroll            |       |     8 |     4 |     4 |    11 |     9 |     7 ||    43
       Potion            |       |     4 |     5 |    11 |     4 |     2 |     1 ||    27
 Stab: Sleeping          |       |       |       |     2 |    13 |    13 |       ||    28
       Distracted        |       |       |       |       |     3 |     1 |       ||     4
  Eat: Chunk             |       |     8 |     3 |    10 |    33 |    21 |     2 ||    77
       Bread ration      |       |       |     2 |     1 |       |     2 |       ||     5
Armor: Scale mail        |    10 |       |       |       |       |       |       ||    10
       Chain mail        |    20 |   115 |   179 |    55 |       |       |       ||   369
       Shadow dragon sca |       |       |       |   292 |   734 |   855 |    96 ||  1977
Dodge: Dodged            |    20 |    36 |    58 |   251 |   529 |   435 |    78 ||  1407
Block: Shield            |    23 |    81 |   131 |    91 |       |       |       ||   326
       Other             |       |       |       |    12 |    56 |    60 |     6 ||   134
       Reflection        |       |       |       |       |     4 |     4 |       ||     8
